 Dungeon Crawl Stone Soup version 0.28.0-47-ge53b351184 (webtiles) character file.

Game seed: 16148936645092717007

25 GigaChad the Firebug (level 2, -1/20 HPs)
             Began as a Draconian Fire Elementalist on Apr 25, 2022.
             Was a Follower of Dithmenos.
             Slain by an adder (2 damage)
             ... on level 2 of the Dungeon on Apr 26, 2022.
             The game lasted 00:08:03 (1322 turns).

GigaChad the Firebug (Draconian Fire Elementalist)  Turns: 1322, Time: 00:08:03

Health: -1/20      AC:  4    Str: 10    XL:     2   Next: 82%
Magic:  5/5        EV: 12    Int: 15    God:    Dithmenos [*.....]
Gold:   66         SH:  0    Dex: 11    Spells: 4/5 levels left

rFire   . . .      SeeInvis .     - Unarmed
rCold   . . .      Faith    .   (no shield)
rNeg    . . .      Spirit   .   (armour unavailable)
rPois   .          Reflect  .   (helmet restricted)
rElec   .          Harm     .   (no cloak)
rCorr   .          Rampage  .   (no gloves)
Will    +....                   (no boots)
Stlth   ++........              (no amulet)
HPRegen 0.06/turn               i - ring of willpower
MPRegen 0.09/turn               (no ring)

@: wreathed by umbra
A: AC +4, unfitting armour, cold-blooded
a: Renounce Religion


You were on level 2 of the Dungeon.
You worshipped Dithmenos.
Dithmenos was aware of your devotion.
You visited 1 branch of the dungeon, and saw 2 of its levels.

You collected 66 gold pieces.

Inventory:

Hand Weapons
 b - a +0 spear
Missiles
 d - 10 poisoned darts
Armour
 e - a +0 plate armour
Jewellery
 i - a ring of willpower (left hand)
Scrolls
 c - a scroll of silence {unknown}
Potions
 a - a potion of degeneration {unknown}
 f - a potion of ambrosia {unknown}
 g - a potion of attraction {unknown}
 h - a potion of curing {unknown}


   Skills:
 + Level 1.9 Dodging
 + Level 2.1 Stealth
 + Level 1.1 Unarmed Combat
 + Level 2.0 Spellcasting
 + Level 1.1 Conjurations
 + Level 3.4 Fire Magic


You had 4 spell levels left.
You knew the following spells:

 Your Spells              Type           Power      Damage    Failure   Level
a - Foxfire               Conj/Fire      32%        2x1d5     9%          1

Your spell library contained the following spells:

 Spells                   Type           Power      Damage    Failure   Level
 Scorch                   Fire           22%        2d6       9%          2
 Conjure Flame            Conj/Fire      8%         6-21      26%         3
 Inner Flame              Hex/Fire       6%         N/A       32%         3
 Flame Wave               Conj/Fire      8%         2d5       65%         4


Dungeon Overview and Level Annotations

Branches:
Dungeon (2/15)

Altars:
Dithmenos


Innate Abilities, Weirdness & Mutations

Your plain brown scales are hard. (AC +4)
You cannot fit into any form of body armour.
You are cold-blooded and may be slowed by cold attacks.


Message History

The endoplasm is severely wounded.
The adder bites you. The endoplasm freezes you.
You are frozen.
* * * LOW HITPOINT WARNING * * *
You feel yourself slow down. The adder closely misses you.
You hit the endoplasm.
You kill the endoplasm!
Dithmenos accepts your kill. The adder barely misses you.
Found a silvery potion.
You feel yourself speed up. The adder barely misses you. The adder bites you.
* * * LOW HITPOINT WARNING * * *
You hit the adder.
Your tail-slap misses the adder.
The adder is moderately wounded.
The adder barely misses you. The adder misses you.
You closely miss the adder.
The adder is moderately wounded.
The adder bites you.
* * * LOW HITPOINT WARNING * * *
You miss the adder.
The adder is moderately wounded.
The adder barely misses you.
You closely miss the adder.
The adder is moderately wounded.
The adder closely misses you. The adder barely misses you.
You hit the adder but do no damage.
The adder is moderately wounded.
The adder bites you but does no damage.
You closely miss the adder.
Your tail-slap misses the adder.
The adder is moderately wounded.
The adder misses you.
You closely miss the adder.
The adder is moderately wounded.
The adder closely misses you.
You hit the adder.
The adder is severely wounded.
The adder bites you.
You die...

##.....##..
##.......#..
#...........
#...........
#...........
#..>.......#
#......!....
##..@......!
#..†S>......
#..........# ##
#..........# #.
#...............##.##
#................ ...
##..............# #..
##.............# #.#
##............. #..


You could see an adder.

Vanquished Creatures
  2 dart slugs (D:1)
  3 ball pythons (D:1)
  2 endoplasms
  4 giant cockroaches
  A hobgoblin (D:2)
  A bat (D:1)
  4 frilled lizards
  5 rats
22 creatures vanquished.

Vanquished Creatures (others)
  13 foxfires
13 creatures vanquished.

Grand Total: 35 creatures vanquished

Notes
Turn   | Place    | Note
-------+----------+-------------------------------------------
     0 | D:1      | GigaChad the Draconian Fire Elementalist began the quest
                  | for the Orb.
     0 | D:1      | Reached XP level 1. HP: 14/14 MP: 3/3
   367 | D:1      | Found a faded altar of an unknown god.
   374 | D:1      | Reached XP level 2. HP: 15/20 MP: 3/5
   384 | D:1      | Prayed at the altar of an unknown god.
   384 | D:1      | Became a worshipper of Dithmenos the Shadowed
   384 | D:1      | Reached * piety under Dithmenos
   610 | D:1      | Reached skill level 1 in Unarmed Combat
  1316 | D:2      | HP: 1/20 [adder (2)]
  1322 | D:2      | Slain by an adder

Illustrated notes

Levels and vault maps discovered:
D:1:      dpeg_arrival_rhombi, layout_loops_cross,
          hellmonk_ecumenical_altar_run_dry, minmay_tree_intersection,
          minmay_misc_feat_rows
D:2:      layout_rooms, serial_curves, eino_curves_02, eino_curves_02,
          eino_curves_01

Skill      XL: |  1  2 |
---------------+-------+-----
Stealth        | 2 |  2.1
Unarmed Combat | 1 |  1.1
Dodging        | |  1.9
Spellcasting   | |  2.0
Conjurations   | |  1.1
Fire Magic     | |  3.4

Action                   || total
-------------------------++-------
Melee: Unarmed           ||   101
       Tailslap          ||     9
       Punch             ||     1
 Cast: Foxfire           ||    14
 Stab: Sleeping          ||     1
Armor: Skin              ||    27
Dodge: Dodged            ||    84
